 Dungeon Crawl Stone Soup version 0.28-a0-1545-g945cd3f27e (webtiles) character file.

Game seed: 17732625996238612276

165 BritishOli the Ducker (level 5, -4/41 HPs)
             Began as a Demonspawn Gladiator on Jan 18, 2022.
             Slain by an orc priest (5 damage)
             ... on level 3 of the Dungeon.
             The game lasted 00:01:33 (2589 turns).

BritishOli the Ducker (Demonspawn Gladiator)        Turns: 2589, Time: 00:01:34

Health: -4/41      AC:  7    Str: 16    XL:     5   Next: 22%
Magic:  5/5        EV: 10    Int:  9    God:
Gold:   148        SH:  0    Dex: 15    Spells: 4/4 levels left

rFire   + . .      SeeInvis .   a - +0 war axe
rCold   + . .      Faith    .   (no shield)
rNeg    . . .      Spirit   .   f - +0 scale mail
rPois   .          Reflect  .   c - +0 helmet
rElec   .          Harm     .   h - scarf {rC+ rF+}
rCorr   .          Rampage  .   (no gloves)
Will    .....                   (no boots)
Stlth   ..........              (no amulet)
HPRegen 0.13/turn               (no ring)
MPRegen 0.09/turn               (no ring)

@: lethally poisoned (-4 -> -9)
A: claws 2
a: no special abilities


You were on level 3 of the Dungeon.
You visited 1 branch of the dungeon, and saw 3 of its levels.

You collected 148 gold pieces.

Inventory:

Hand Weapons
 a - a +0 war axe (weapon)
Missiles
 d - 3 throwing nets (quivered)
Armour
 b - a +0 leather armour
 c - a +0 helmet (worn)
 f - a +0 scale mail (worn)
 h - a scarf of resistance (worn)
Scrolls
 e - a scroll of amnesia {unknown}
Potions
 g - a potion of heal wounds {unknown}


   Skills:
 + Level 3.1 Fighting
 + Level 3.5 Axes
 + Level 2.9 Throwing
 + Level 3.5 Dodging


You had 4 spell levels left.
You didn't know any spells.
Your spell library was empty.

Dungeon Overview and Level Annotations

Branches:
Dungeon (3/15)

Altars:


Innate Abilities, Weirdness & Mutations

You have very sharp fingernails.


Message History

The orc priest completely misses you.
There are monsters nearby!
You hit the orc priest.
The orc priest is moderately wounded.
You feel sick. The bat barely misses you.
The orc priest hits you with a +2 hand axe of venom.
You are more poisoned.
There are monsters nearby!
There are monsters nearby!
You hit the orc priest.
The orc priest is severely wounded.
You feel very sick. The bat hits you but does no damage.
The orc priest begins to cast a cantrip, but forgets the words!
You are too injured to fight recklessly!
There are monsters nearby!
There are monsters nearby!
You are too injured to fight recklessly!
There are monsters nearby!
There are monsters nearby!
You are too injured to fight recklessly!
There are monsters nearby!
You are too injured to fight recklessly!
There are monsters nearby!
There are monsters nearby!
You are too injured to fight recklessly!
You barely miss the orc priest.
The orc priest is severely wounded.
You feel very sick. The bat closely misses you.
The orc priest closely misses you.
The orc priest mumbles some strange prayers to Beogh against you.
Pain shoots through your body!
* * * LOW HITPOINT WARNING * * *
You barely miss the orc priest.
The orc priest is severely wounded.
You closely miss the bat.
* * * LOW HITPOINT WARNING * * *
You feel sick. The bat closely misses you.
The orc priest hits you with a +2 hand axe of venom.
You die...

#.#<.#...
###.##.#.######. .#.
................. ..
###.##.#.######.##.#
#.##.#...........
#.##.#.......b..###
###.##.#†...........
†...##.#.........o#
##..##.#........@.#
##....#..........#
#.####..........#
#.# #..........#
#.## #..........#
#.(# #....?.)...#
##[###....#######
#..##.##.#
##.##[##.#


You could see an orc priest and a bat.

Vanquished Creatures
  A necrophage (D:3)
  An adder (D:3)
  A worm (D:2)
  3 dart slugs
  An orc (D:3)
  3 bats
  8 endoplasms
  5 giant cockroaches
  5 goblins
  5 hobgoblins
  A quokka (D:1)
  9 ball pythons
  5 frilled lizards
  3 kobolds
  2 rats (D:2)
53 creatures vanquished.

Notes
Turn   | Place    | Note
-------+----------+-------------------------------------------
     0 | D:1      | BritishOli the Demonspawn Gladiator began the quest for the
                  | Orb.
     0 | D:1      | Reached XP level 1. HP: 16/16 MP: 1/1
   229 | D:1      | Gained mutation: You have sharp fingernails. [demonic
                  | ancestry]
   229 | D:1      | Reached XP level 2. HP: 22/22 MP: 2/2
   931 | D:1      | Reached XP level 3. HP: 23/28 MP: 3/3
  1489 | D:2      | Found a faded altar of an unknown god.
  2459 | D:3      | Noticed a necrophage
  2471 | D:3      | Killed a necrophage
  2472 | D:3      | Gained mutation: You have very sharp fingernails. [demonic
                  | ancestry]
  2472 | D:3      | Reached XP level 4. HP: 31/35 MP: 4/4
  2472 | D:3      | Reached XP level 5. HP: 37/41 MP: 5/5
  2589 | D:3      | HP: 1/41 [poisoned by an orc priest]
  2589 | D:3      | Slain by an orc priest

Illustrated notes

Levels and vault maps discovered:
D:1:      ncdulo_lavacross, layout_basic, minmay_misc_feat_roman
D:2:      minmay_alternating_diamond, layout_loops_ring,
          nicolae_ecumenical_snake_handling, st_stairs_9,
          small_statue_intersection
D:3:      layout_basic

Skill      XL: |  1  2  3 |
---------------+----------+-----
Throwing       | 2 |  2.9
Axes           | 3 |  3.5
Dodging        | 3 |  3.5
Fighting       | 3 |  3.1

Action                   |  1- 3 |  4- 6 || total
-------------------------+-------+-------++-------
Melee: War axe           |   143 |    21 ||   164
       Punch             |     2 |       ||     2
Armor: Leather armour    |    40 |       ||    40
       Scale mail        |    12 |    12 ||    24
Dodge: Dodged            |   104 |    16 ||   120

Table legend: (Time is in decaauts)
 A = Elapsed time spent in this place.
 B = Non-inter-level travel time spent in this place.
 C = Inter-level travel time spent in this place.
 D = Time resting spent in this place.
 E = Time spent auto-exploring this place.
 F = Levels seen in this place.
 G = Mean time per level.
                   A        B        C        D        E       F      G
               +--------+--------+--------+--------+--------+-----+--------+
         Total |   2645 |   2601 |     44 |      0 |   2199 |   3 |  881.7 |
       Dungeon |   2645 |   2601 |     44 |      0 |   2199 |   3 |  881.7 |
               +--------+--------+--------+--------+--------+-----+--------+

Top non-repeatable levels by time:
     D:2: 1316 daAuts
     D:1: 1183 daAuts
     D:3: 144 daAuts
